 Dungeon Crawl Stone Soup version 0.17-a0-1475-g9f81d98 (webtiles) character file.

5652 Fizybubbleh the Destroyer (level 10, -3/81 HPs)
             Began as a Red Draconian Conjurer on July 2, 2015.
             Was an Elder of Vehumet.
             Slain by a five-headed hydra (9 damage)
             ... on level 1 of the Lair of Beasts.
             The game lasted 00:56:49 (13655 turns).

Fizybubbleh the Destroyer (Red Draconian Conjurer) Turns: 13655, Time: 00:56:49

Health: -3/81      AC:  9    Str: 11    XL:     10   Next: 46%
Magic:  18/28      EV: 12    Int: 19    God:    Vehumet [****..]
Gold:   145        SH:  0    Dex: 11    Spells: 6 memorised, 5 levels left

rFire  + . .     SeeInvis .     l - +0 whip (elec)
rCold  . . .     Clarity  .     (armour unavailable)
rNeg   . . .     SustAt   .     (no shield)
rPois  .         Gourm    .     (helmet restricted)
rElec  .         Spirit   .     (no cloak)
rCorr  .         Warding  .     X - +0 pair of gloves
rMut   .         Stasis   .     s - +0 pair of boots
MR     .....                    (no amulet)
Stlth  +++.......               I - ring of magical power
                                p - ring of wizardry

@: not resistant to hostile enchantments, fairly stealthy
A: breathe fire, unfitting armour, fire resistance 1, evolution 1, cold-blooded,
AC +7
a: Breathe Fire, Renounce Religion


You were on level 1 of the Lair of Beasts.
You worshipped Vehumet.
Vehumet was greatly pleased with you.
You were not hungry.

You visited 3 branches of the dungeon, and saw 11 of its levels.
You also visited: Ossuary.

You collected 495 gold pieces.
You spent 350 gold pieces at shops.

Inventory:

Hand weapons
 c - a +0 club
 d - a +0 dagger
 e - a +0 short sword
 l - a +0 whip of electrocution (weapon)
Missiles
 J - a throwing net
Armour
 s - a +0 pair of boots (worn)
 X - a +0 pair of gloves (worn)
Magical staves
 S - an uncursed staff of summoning
Jewellery
 p - a ring of wizardry (left hand)
 q - a -3 ring of intelligence
 F - an uncursed ring of flight
 I - a ring of magical power (right hand)
 M - an uncursed ring of wizardry
 U - an uncursed ring of sustain attributes
Magical devices
 t - a wand of slowing (4)
 H - a wand of cold (0)
 W - a wand of random effects (11)
Scrolls
 f - a scroll of identify
 i - 3 scrolls of magic mapping
 k - 2 scrolls of noise
 v - 2 scrolls of teleportation
 w - 3 scrolls of immolation
 y - a scroll of enchant weapon {unknown}
 E - 3 scrolls of remove curse
 G - a scroll of fear {unknown}
 L - a scroll of random uselessness {unknown}
 N - a scroll of amnesia {unknown}
 Q - a scroll of enchant armour {unknown}
 R - a scroll of recharging {unknown}
 V - a scroll of blinking {unknown}
Potions
 g - a potion of heal wounds
 h - a potion of ambrosia
 m - 4 potions of degeneration
 n - a potion of mutation
 o - 2 potions of haste
 u - 2 potions of resistance
 z - a potion of cure mutation {unknown}
 A - 2 potions of curing
 B - 2 potions of flight
 D - a potion of agility
 O - a potion of berserk rage
Books
 a - a book of Conjurations

   Spells                             Type                      Level
   a - Magic Dart                     Conjuration                  1
   b - Searing Ray                    Conjuration                  2
   c - Dazzling Spray                 Conjuration/Hexes            3
   d - Fulminant Prism                Conjuration/Hexes            4
   e - Iskenderun's Mystic Blast      Conjuration                  4
   f - Iskenderun's Battlesphere      Conjuration/Charms           5
 K - a book of Flames

   Spells                             Type                      Level
   a - Flame Tongue                   Conjuration/Fire             1
   b - Throw Flame                    Conjuration/Fire             2
   c - Conjure Flame                  Conjuration/Fire             3
   d - Inner Flame                    Hexes/Fire                   3
   e - Sticky Flame                   Conjuration/Fire             4
   f - Fireball                       Conjuration/Fire             5
Comestibles
 b - 4 bread rations
 j - 8 slices of pizza
 r - a meat ration
 C - 6 beef jerkies
 T - 3 fruits


   Skills:
 - Level 5.4 Fighting
 - Level 1.7 Dodging
 - Level 5.4 Stealth
 + Level 6.6 Spellcasting
 - Level 10.1 Conjurations
 - Level 5.0 Charms
 - Level 6.0 Fire Magic


You had 5 spell levels left.
You knew the following spells:

 Your Spells              Type           Power        Failure   Level  Hunger
a - Magic Dart            Conj           ####         1%          1    None
b - Dazzling Spray        Conj/Hex       ####....     1%          3    ##.....
c - Iskenderun's Battles  Conj/Chrm      #####...     1%          5    #####..
d - Flame Tongue          Conj/Fire      #####        1%          1    None
e - Throw Flame           Conj/Fire      #####.       1%          2    None
f - Fireball              Conj/Fire      #####.....   1%          5    #####..


Dungeon Overview and Level Annotations

Branches:
Dungeon (9/15)             Temple (1/1) D:4            Lair (1/8) D:8
    Orc: D:9-12

Altars:
Ashenzari
Cheibriados
Dithmenos
Elyvilon
Fedhas
Gozag
Makhleb
Nemelex Xobeh
Okawaru
Qazlal
Ru
Sif Muna
Trog
Vehumet
Xom
Yredelemnul
Zin
The Shining One

Shops:
D:6 *

Portals:
Ice
Cave: Lair:1

Annotations:
D:3 exclusion: downstairs
D:5 exclusion: centaur, Rayvis's ghost, experienced MiFi
D:7 exclusion: Crazy Yiuf, Crazy Yiuf
D:9 Rayvis's ghost, experienced MiFi


Innate Abilities, Weirdness & Mutations

You can breathe blasts of fire.
Your fiery red scales are hard (AC +7).
Your body does not fit into most forms of armour.
Your flesh is heat resistant.
You are cold-blooded and may be slowed by cold attacks.
You evolve.


Message History

The five-headed hydra bites you but does no damage.
The five-headed hydra bites you! The five-headed hydra bites you.
The five-headed hydra bites you but does no damage.
The five-headed hydra bites you!
* * * LOW HITPOINT WARNING * * *
You take 25 damage, and have 24/81 hp.
MASSIVE DAMAGE!!
Read which item? (? for menu, Esc to quit)
Okay, then.
Drink which item? (? for menu, Esc to quit)
You feel much better.
You feel yourself speed up. The five-headed hydra bites you.
The five-headed hydra bites you!
The five-headed hydra bites you but does no damage.
The five-headed hydra bites you. The five-headed hydra bites you!
* * * LOW HITPOINT WARNING * * *
The five-headed hydra bites you!
* * * LOW HITPOINT WARNING * * *
The five-headed hydra bites you!
You die...

##### ....####***
**##*##
.....#P##,***,*.,.#
.........,,,,,,.#.#
.....P#**,**,**...*
†....#* ***###*#.##
...#########.###..#
#................#*
#.#...##.#.#####@##
#.######...#* #DY#
#.# #.#..# #Y## #.#
#.#..# #.# #.#*
#.#.#####.###
#..****#...........#
..,,,,,...>####....#
*****,,,,,** ##.#.#
* *,,*,,*
**#$#.#****


You could see a five-headed hydra and 2 ice beasts.

Vanquished Creatures
  A black mamba (Lair:1)
  A human (D:7)
  Eustachio (D:5)
  A deep elf mage (D:5)
  A hippogriff (D:8)
  2 porcupines
  A water moccasin (D:8)
  2 sky beasts
  3 orc warriors
  7 ice beasts
  A black bear (D:8)
  2 phantoms
  A necrophage (D:8)
  2 centaurs
  2 ogres
  A big kobold (D:8)
  4 water moccasin zombies (Ossuary)
  9 giant frogs
  4 scorpions
  6 jellies
  4 orc wizards
  A crimson imp (D:6)
  5 hounds
  6 orc priests
  7 iguanas
  8 worker ants
  4 sheep (D:7)
  A big kobold zombie (Ossuary)
  A hound skeleton (D:5)
  2 mummies (Ossuary)
  Robin (D:2)
  19 adders
  2 river rats (D:8)
  A worker ant zombie (D:8)
  3 shadow imps
  An ooze (D:1)
  7 adder zombies (Ossuary)
  3 worms
  2 adder skeletons
  27 orcs
  10 bats
  A bat zombie (D:6)
  3 giant cockroaches
  15 hobgoblins
  8 jackals
  6 quokkas
  A ball python (D:1)
  A giant cockroach zombie (D:6)
  2 giant geckos
  2 giant gecko skeletons
  5 giant newts
  2 gnoll zombies (D:8)
  29 goblins
  A goblin zombie (D:4)
  6 hobgoblin zombies (Ossuary)
  23 kobolds
  6 kobold zombies (Ossuary)
  3 orc zombies (Ossuary)
  3 quokka skeletons
  A quokka zombie (D:4)
  12 rats
297 creatures vanquished.

Notes
Turn   | Place    | Note
--------------------------------------------------------------
     0 | D:1      | Fizybubbleh the Draconian Conjurer began the quest for the Orb.
     0 | D:1      | Reached XP level 1. HP: 14/14 MP: 3/3
   142 | D:1      | Reached XP level 2. HP: 20/20 MP: 1/5
  1353 | D:2      | Reached skill level 5 in Conjurations
  1353 | D:2      | Reached XP level 3. HP: 20/26 MP: 0/6
  1734 | D:2      | Found a sparkling altar of Nemelex Xobeh.
  2179 | D:2      | Learned a level 3 spell: Dazzling Spray
  2236 | D:2      | Found an opulent altar of Gozag.
  2314 | D:2      | Reached XP level 4. HP: 33/33 MP: 4/7
  2781 | D:2      | Noticed Robin
  2829 | D:2      | Killed Robin
  2829 | D:2      | Reached skill level 6 in Conjurations
  3579 | D:3      | Reached XP level 5. HP: 38/38 MP: 4/8
  4291 | D:4      | Noticed a black bear
  4383 | D:4      | Reached skill level 7 in Conjurations
  4410 | D:4      | Found a staircase to the Ecumenical Temple.
  4416 | Temple   | Entered the Ecumenical Temple
  4458 | Temple   | Became a worshipper of Vehumet
  4574 | D:4      | Reached XP level 6. HP: 31/45 MP: 4/9
  4609 | D:4      | Noticed an ogre
  4615 | D:4      | Killed an ogre
  4665 | D:4      | Found a sand-covered staircase.
  4676 | Ossuary  | Entered an ossuary
  4823 | Ossuary  | Reached skill level 8 in Conjurations
  4832 | Ossuary  | Learned a level 5 spell: Iskenderun's Battlesphere
  5339 | Ossuary  | Your scales start taking on a fiery red colour.
  5339 | Ossuary  | Gained mutation: Your flesh is heat resistant. [Red Draconian growth]
  5339 | Ossuary  | Reached XP level 7. HP: 32/50 MP: 0/10
  5353 | Ossuary  | Acquired Vehumet's first power
  5353 | Ossuary  | Offered knowledge of Flame Tongue by Vehumet.
  5359 | Ossuary  | Learned a level 1 spell: Flame Tongue
  5541 | Ossuary  | Reached skill level 9 in Conjurations
  6149 | D:5      | Entered Level 5 of the Dungeon
  6208 | D:5      | Offered knowledge of Sandblast by Vehumet.
  6208 | D:5      | Reached skill level 1 in Fighting
  6210 | D:5      | Noticed Rayvis's ghost (experienced MiFi)
  6444 | D:5      | Found a white marble altar of Elyvilon.
  6569 | D:5      | Reached XP level 8. HP: 41/67 MP: 0/11
  6785 | D:5      | Noticed Eustachio
  6824 | D:5      | Killed Eustachio
  6824 | D:5      | Reached skill level 5 in Fighting
  7167 | D:5      | Found a burning altar of Makhleb.
  7715 | D:6      | Offered knowledge of Throw Frost by Vehumet.
  8061 | D:6      | Reached skill level 5 in Stealth
  8104 | D:6      | Acquired Vehumet's second power
  8202 | D:6      | Found a deep blue altar of Sif Muna.
  8564 | D:5      | Reached skill level 10 in Conjurations
  8564 | D:5      | Reached XP level 9. HP: 74/74 MP: 12/12
  8642 | D:6      | Reached skill level 1 in Fire Magic
  8916 | D:6      | Offered knowledge of Throw Icicle by Vehumet.
  8952 | D:6      | Found Sucacoh's Assorted Antiques.
  8958 | D:6      | Bought a scroll of identify for 50 gold pieces
  8958 | D:6      | Bought a long smoking staff for 300 gold pieces
  9572 | D:7      | Found a stormy altar of Qazlal.
  9744 | D:7      | Noticed Crazy Yiuf
  9792 | D:7      | Found a glowing silver altar of Zin.
  9874 | D:7      | Reached skill level 5 in Fire Magic
  9904 | D:7      | Learned a level 2 spell: Throw Flame
 10047 | D:7      | Reached skill level 1 in Charms
 10057 | D:7      | Found a shattered altar of Ashenzari.
 10105 | D:7      | Found a shimmering altar of Xom.
 10244 | D:7      | Found a sacrificial altar of Ru.
 11450 | D:8      | Acquired Vehumet's third power
 11535 | D:8      | Found a basalt altar of Yredelemnul.
 11567 | D:8      | Found a snail-covered altar of Cheibriados.
 11678 | D:8      | Offered knowledge of Bolt of Magma by Vehumet.
 12042 | D:8      | Reached skill level 5 in Charms
 12321 | D:8      | Gained mutation: You evolve. [potion of beneficial mutation]
 12448 | D:8      | Reached XP level 10. HP: 81/81 MP: 14/14
 12793 | D:8      | Learned a level 5 spell: Fireball
 12986 | D:8      | Found a staircase to the Lair.
 13128 | D:9      | Noticed Rayvis's ghost (experienced MiFi)
 13130 | D:9      | Reached skill level 5 in Spellcasting
 13178 | Lair:1   | Entered Level 1 of the Lair of Beasts
 13178 | Lair:1   | Noticed a black mamba
 13188 | Lair:1   | Killed a black mamba
 13214 | D:8      | HP: 4/81 [poisoned by a black mamba]
 13220 | D:8      | HP: 2/81 [poisoned by a black mamba]
 13225 | D:8      | HP: 2/81 [poisoned by a black mamba]
 13233 | D:8      | HP: 1/81 [poisoned by a black mamba]
 13621 | Lair:1   | Found a frozen archway.
 13639 | Lair:1   | Noticed a five-headed hydra
 13655 | Lair:1   | Slain by a five-headed hydra

Vault maps used:
D:1:      lightli_arrival_farm
D:2:      kennysheep_goblin_castle, lemuel_round_altar,
          nicolae_gozag_seed_capital
D:3:      first_bread
D:4:      minmay_temple_entry_enclosed_plants, enter_ossuary_4,
          small_statue_intersection, glass_columns_b
D:5:      bloody_makhleb, elyvilon_altar_5, uniq_eustachio
D:6:      led_sif_pool, serial_shops, shop
D:7:      lemuel_doored_altar, nicolae_qazlal_style_of_elements,
          cheibrodos_ashenzari_chains, xom_butterflies,
          nicolae_overflow_crystal_walls, grunt_livestock, minmay_door_square,
          uniq_crazy_yiuf_cottage
D:8:      lemuel_zombie_altar_yredelemnul, kennysheep_little_box,
          dpeg_lair_monsters
D:9:      kiku_gazebo_garden_becter, serial_park_tiny_pond, uniq_prince_ribbit1
Temple:   temple_island_7
Lair:1:   portal_ice_cave_entry_ice_beasts, st_stairs_5
Ossuary:  ossuary_tomb_2

Action                   |  1- 3 |  4- 6 |  7- 9 | 10-12 || total
-------------------------+-------+-------+-------+-------++-------
Melee: Short sword       |    14 |   108 |    87 |       ||   209
       Whip              |       |       |    12 |     2 ||    14
 Cast: Magic Dart        |    91 |   174 |   332 |     9 ||   606
       Dazzling Spray    |       |     2 |     5 |       ||     7
       Flame Tongue      |       |       |   130 |    67 ||   197
       Throw Flame       |       |       |    30 |     1 ||    31
       Iskenderun's Batt |       |       |     2 |     2 ||     4
       Fireball          |       |       |       |     3 ||     3
 Abil: Breathe Fire      |       |       |    26 |     3 ||    29
Evoke: Wand              |       |       |     3 |     4 ||     7
  Use: Scroll            |       |       |    16 |     1 ||    17
       Potion            |       |       |     1 |     3 ||     4
 Stab: Sleeping          |       |       |     1 |       ||     1
  Eat: Chunk             |     6 |    10 |    14 |     4 ||    34
       Bread ration      |       |     1 |     2 |     1 ||     4
       Meat ration       |       |       |     2 |       ||     2
